 Dungeon Crawl Stone Soup version 0.20.1-1-g8b1a95d (webtiles) character file.

2813 Jazqa the Fighter (level 9, -2/60 HPs)
             Began as a Gargoyle Fighter on Oct 28, 2017.
             Was a High Priest of Cheibriados.
             Slain by a two-headed ogre
             ... wielding a +0 giant spiked club
              (11 damage)
             ... on level 8 of the Dungeon.
             The game lasted 00:12:08 (6793 turns).

Jazqa the Fighter (Gargoyle Fighter)                Turns: 6793, Time: 00:12:09

Health: -2/60      AC: 18    Str: 34    XL:     9   Next: 72%
Magic:  0/12       EV:  8    Int: 22    God:    Cheibriados [*****.]
Gold:   430        SH: 12    Dex: 23    Spells: 8/8 levels left

rFire    . . .     SeeInvis .   a - +0 flail
rCold    + . .     Gourm    .   c - +0 shield
rNeg     + . .     Faith    .   y - +1 ring mail {rC+}
rPois    ∞         Spirit   +   z - +2 helmet
rElec    +         Reflect  .   u - +1 cloak
rCorr    .         Harm     .   (no gloves)
MR       .....                  (no boots)
Stlth    +.........             G - amulet of guardian spirit
Regen    0.2/turn               X - +2 ring of dexterity
MPRegen  0.2/turn               (no ring)

@: very slow
A: negative energy resistance 1, electricity resistance, unbreathing,
petrification resistance, rot immunity, AC +5
a: Bend Time, Temporal Distortion, Slouch, Step From Time, Renounce Religion


You were on level 8 of the Dungeon.
You worshipped Cheibriados.
Cheibriados was extremely pleased with you.
You were not hungry.

You visited 1 branch of the dungeon, and saw 8 of its levels.

You collected 619 gold pieces.
You spent 189 gold pieces at shops.


Innate Abilities, Weirdness & Mutations

You are resistant to torment.
Your stone body is resilient. (AC +5)
You are immune to poison.
You resist negative energy. (rN+)
You are resistant to electric shocks. (rElec)
You can survive without breathing.
You are immune to petrification.
You are immune to rotting.


   Skills:
 + Level 9.2 Fighting
 + Level 8.3 Maces & Flails
 + Level 5.4 Armour
 + Level 5.1 Shields
 + Level 4.0 Invocations


You had 8 spell levels left.
You didn't know any spells.

Inventory:

Hand Weapons
 a - a +0 flail (weapon)
Armour
 c - a +0 shield (worn)
 u - a +1 cloak (worn)
 y - a +1 ring mail of cold resistance (worn)
 z - a +2 helmet (worn)
Jewellery
 G - an amulet of guardian spirit (around neck)
 X - a +2 ring of dexterity (left hand)
Wands
 n - a wand of disintegration (7/24)
 p - a wand of clouds (2/9)
 s - a wand of flame (30/48)
Scrolls
 e - 4 scrolls of fog
 g - 3 scrolls of remove curse {@r2}
 i - 5 scrolls of identify {@r1}
 j - 3 scrolls of enchant armour
 k - a scroll of magic mapping
 l - 2 scrolls of recharging
Potions
 m - 3 potions of brilliance
 o - 2 potions of lignification {!q}
 t - a potion of cancellation
 x - a potion of curing {@q1}
Books
 q - a book of Changes

   Spells                             Type                      Level
   a - Beastly Appendage              Transmutation                1
   b - Sticks to Snakes               Transmutation                2
   c - Spider Form                    Transmutation/Poison         3
   d - Ice Form                       Ice/Transmutation            4
   e - Blade Hands                    Transmutation                5
 w - a book of Misfortune

   Spells                             Type                      Level
   a - Confusing Touch                Hexes                        1
   b - Confuse                        Hexes                        3
   c - Gell's Gravitas                Translocation                3
   d - Petrify                        Transmutation/Earth          4
   e - Metabolic Englaciation         Hexes/Ice                    5
   f - Yara's Violent Unravelling     Hexes/Transmutation          5
Comestibles
 b - 2 chunks of flesh
 d - a meat ration {@e1}
 f - 5 bread rations {@e1}
 h - 4 royal jellies {@e3}

Dungeon Overview and Level Annotations

Branches:
Dungeon (8/15)             Temple (0/1) D:5
   Lair: D:8-11

Altars:
Cheibriados
Dithmenos
Elyvilon
Makhleb
Nemelex Xobeh
Okawaru
Vehumet

Shops:
D:6 [

Annotations:
D:8 Grum, Psyche

#...##...#..
###...##.#.#.##.
........#..... #..........#
#..........# #.....(....#
#..........#
#.##../.....O.######...>..
...............@............
##.###..............##.$....
#...........##..##....$
.....#.######.##........
####.#.. #.........# .##
#.### #...<.....#...# #.
###.###..........
#...#............
#.#..........)##...


You could see a two-headed ogre.


Message History

You block the two-headed ogre's attack.
The two-headed ogre hits you with a dire flail!
You sock the two-headed ogre!
The two-headed ogre is almost dead.
The two-headed ogre hits you with a giant spiked club.
You block the two-headed ogre's attack.
You hit the two-headed ogre but do no damage.
The two-headed ogre is almost dead.
You hit the two-headed ogre.
The two-headed ogre is almost dead.
The two-headed ogre hits you with a giant spiked club.
The two-headed ogre hits you with a dire flail!
* * * LOW HITPOINT WARNING * * *
You hit the two-headed ogre but do no damage.
The two-headed ogre is almost dead.
The two-headed ogre hits you but does no damage.
The two-headed ogre hits you with a dire flail!
* * * LOW HITPOINT WARNING * * *
Unknown command.
You barely miss the two-headed ogre.
The two-headed ogre is almost dead.
The two-headed ogre hits you with a giant spiked club.
* * * LOW HITPOINT WARNING * * *
The two-headed ogre hits you with a dire flail!
* * * LOW HITPOINT WARNING * * *
Unknown command.
You hit the two-headed ogre.
The two-headed ogre is almost dead.
The two-headed ogre hits you with a giant spiked club!
You die...

Skill      XL: |  1  2  3  4  5  6  7  8  9 |
---------------+----------------------------+-----
Maces & Flails | 3 4 5 6 7 8 |  8.3
Fighting       | 4 5 6 7 8 9 |  9.2
Invocations    | 2 4 |  4.0
Armour         | 4 5 |  5.4
Shields        | 4 5 |  5.1

Action                   |  1- 3 |  4- 6 |  7- 9 || total
-------------------------+-------+-------+-------++-------
Melee: Flail             |   192 |   174 |   512 ||   878
Invok: Bend Time         |       |       |     2 ||     2
Evoke: Wand              |       |     1 |     4 ||     5
  Use: Scroll            |     1 |    10 |     8 ||    19
       Potion            |       |     1 |     1 ||     2
  Eat: Chunk             |       |     6 |     9 ||    15
Armor: Scale mail        |   147 |    82 |   321 ||   550
       Ring mail         |       |       |   115 ||   115
Dodge: Dodged            |   104 |    42 |   271 ||   417
Block: Shield            |   148 |    85 |   472 ||   705

Vault maps used:
D:1:      onia_arrival_zoo_common, minmay_tetromino_t4
D:2:      uniq_terence
D:3:      kennysheep_okawaru_gauntlet, marbit_many_paths, first_bread,
          chequers_ecumenical_altar_simple_redux
D:4:      nemelex_xobeh_ov_fountains_minmay, vehumet_altar_wand_db
D:5:      minmay_goblin_kobold_castle, grunt_dithmenos_shadows,
          minmay_temple_entry_crystal_x, uniq_menkaure, uniq_crazy_yiuf_cottage
D:6:      elyvilon_altar_3, bloody_makhleb, serial_shops, shop
D:7:      uniq_duvessa
D:8:      david_lair_shrubbed, uniq_grum, uniq_psyche

Notes
Turn   | Place    | Note
-------+----------+-------------------------------------------
     0 | D:1      | Jazqa the Gargoyle Fighter began the quest for the Orb.
     0 | D:1      | Reached XP level 1. HP: 14/14 MP: 1/1
     6 | D:1      | Noticed a six-headed hydra
     6 | D:1      | Noticed a crocodile
     7 | D:1      | Noticed a polar bear
    87 | D:1      | Reached XP level 2. HP: 13/19 MP: 2/2
   264 | D:1      | Reached XP level 3. HP: 24/24 MP: 3/3
   375 | D:1      | Reached skill level 3 in Maces & Flails
   702 | D:1      | Reached skill level 4 in Fighting
   913 | D:2      | Reached XP level 4. HP: 27/29 MP: 4/4
  1031 | D:2      | Noticed Terence
  1040 | D:2      | Killed Terence
  1104 | D:2      | Reached XP level 5. HP: 24/34 MP: 5/5
  1241 | D:2      | Reached skill level 5 in Fighting
  1486 | D:3      | Reached skill level 4 in Maces & Flails
  1567 | D:3      | Found a snail-covered altar of Cheibriados.
  1571 | D:3      | Became a worshipper of Cheibriados the Contemplative
  1758 | D:3      | Found a faded altar of an unknown god.
  1877 | D:3      | Found an iron altar of Okawaru.
  2054 | D:3      | Reached * piety under Cheibriados
  2367 | D:4      | Noticed a phantom
  2385 | D:4      | Killed a phantom
  2385 | D:4      | Reached XP level 6. HP: 25/41 MP: 6/6
  2568 | D:4      | Reached skill level 5 in Maces & Flails
  2745 | D:4      | Noticed a phantom
  2762 | D:4      | Killed a phantom
  2762 | D:4      | Reached skill level 6 in Fighting
  2777 | D:4      | Found a sparkling altar of Nemelex Xobeh.
  2841 | D:4      | Found a radiant altar of Vehumet.
  2852 | D:4      | Reached XP level 7. HP: 25/47 MP: 7/7
  3212 | D:5      | Entered Level 5 of the Dungeon
  3312 | D:5      | Reached ** piety under Cheibriados
  3328 | D:5      | Reached skill level 6 in Maces & Flails
  3375 | D:5      | Noticed Menkaure
  3385 | D:5      | Killed Menkaure
  3385 | D:5      | Reached skill level 7 in Fighting
  3392 | D:5      | Reached XP level 8. HP: 13/53 MP: 8/8
  3727 | D:5      | Found a shadowy altar of Dithmenos.
  3823 | D:5      | Found a runed door.
  3860 | D:5      | Found a staircase to the Ecumenical Temple.
  4110 | D:5      | Reached skill level 7 in Maces & Flails
  4113 | D:5      | Reached *** piety under Cheibriados
  4248 | D:5      | Reached skill level 8 in Fighting
  4310 | D:5      | Reached skill level 1 in Invocations
  4318 | D:5      | Reached **** piety under Cheibriados
  4646 | D:5      | Reached skill level 4 in Armour
  4842 | D:5      | Reached skill level 2 in Invocations
  4934 | D:5      | Noticed Crazy Yiuf
  4940 | D:5      | Killed Crazy Yiuf
  4993 | D:6      | Reached skill level 4 in Shields
  5104 | D:6      | Reached XP level 9. HP: 58/60 MP: 10/10
  5140 | D:6      | Found a white marble altar of Elyvilon.
  5207 | D:6      | Found a burning altar of Makhleb.
  5211 | D:6      | Found Nihucrik's Antique Armour Shoppe.
  5230 | D:6      | Bought a runed ring mail for 189 gold pieces
  5550 | D:6      | Reached ***** piety under Cheibriados
  5688 | D:7      | Reached skill level 3 in Invocations
  5795 | D:7      | Noticed Dowan
  5798 | D:7      | Noticed Duvessa
  5806 | D:7      | Killed Duvessa
  5812 | D:7      | Killed Dowan
  5944 | D:7      | Reached skill level 8 in Maces & Flails
  5947 | D:7      | Reached skill level 9 in Fighting
  5964 | D:7      | Reached skill level 5 in Armour
  6391 | D:8      | Noticed Grum
  6396 | D:8      | Noticed Psyche
  6397 | D:8      | Noticed a brown ugly thing
  6409 | D:7      | HP: 6/60 [wolf[Grum] (5)]
  6409 | D:7      | HP: 1/60 [wolf[Grum] (5)]
  6694 | D:7      | Reached skill level 5 in Shields
  6705 | D:7      | Reached skill level 4 in Invocations
  6777 | D:8      | Noticed a two-headed ogre
  6793 | D:8      | Slain by a two-headed ogre

Vanquished Creatures
  A hungry ghost (D:7)
  Menkaure (D:5)
  Duvessa (D:7)
  3 phantoms
  2 sky beasts
  3 ogres
  A wolf (D:7)
  5 big kobolds (D:5)
  3 bullfrogs
  Dowan (D:7)
  A water moccasin skeleton (D:5)
  3 crimson imps
  A bullfrog zombie (D:7)
  3 hounds
  2 jellies
  An orc priest (D:6)
  A gnoll shaman (D:7)
  Crazy Yiuf (D:5)
  Terence (D:2)
  An orc wizard (D:7)
  6 worker ants
  2 hound skeletons
  8 adders
  19 gnolls
  2 shadow imps (D:5)
  An ooze (D:6)
  An adder zombie (D:7)
  An adder skeleton (D:5)
  2 worms
  5 dart slugs
  A leopard gecko (D:3)
  9 orcs
  A ball python (D:1)
  9 bats
  4 giant cockroaches
  41 goblins
  29 hobgoblins
  20 jackals
  4 kobolds
  2 quokkas
  8 frilled lizards
  10 rats
221 creatures vanquished.
